General information
- name: BNet
- type: Ladder team game (AT/RT)
- host: Battle.net
- saver: TIMG4STRok
map: PhantomGrove
- players: 4
- length: 08:37
- speed: Fast
- version: 1.24 W3XP
- replay type:

» download(47 KB)
Players
team 1 (winner)
BobbyKotick (
red | 70 APM | 601 actions | 08:36)
2 Archmage
1 Summon Water Elemental
1 Brilliance Aura
» actions
| Assign group hotkey | 26 | |
| Basic commands | 5 | |
| Build / train | 39 | |
| Enter build submenu | 22 | |
| Enter hero's abilities submenu | 2 | |
| Right click | 187 | |
| Select / deselect | 156 | |
| Select group hotkey | 128 | |
| Use ability | 36 | |
601 total
» units
| Peasant | 15 | |
| Footman | 6 | |
| Rifleman | 2 | |
23 total
» upgrades
» buildings
| Altar of Kings | 1 | |
| Lumber Mill | 1 | |
| Farm | 4 | |
| Barracks | 1 | |
| Scout Tower | 6 | |
| Guard Tower | 6 | |
| Town Hall | 1 | |
| Keep | 1 | |
| Blacksmith | 1 | |
| Arcane Vault | 1 | |
| Arcane Sanctum | 2 | |
| Castle | 1 | |
26 total
» build order
00:06 Altar of Kings
00:20 Lumber Mill
00:34 Farm
00:49 Barracks
01:07 Farm
01:35 Scout Tower
01:45 Farm
02:03 Guard Tower
03:11 Scout Tower
03:25 Guard Tower
03:50 Town Hall
05:10 Scout Tower
05:24 Keep
05:36 Blacksmith
05:38 Scout Tower
05:40 Guard Tower
05:41 Scout Tower
05:51 Scout Tower
06:07 Guard Tower
06:08 Arcane Vault
06:32 Guard Tower
07:24 Guard Tower
07:56 Arcane Sanctum
07:59 Arcane Sanctum
08:26 Castle
08:28 Farm
» items
| Healing Salve | 1 | |
| Lesser Clarity Potion | 1 | |
2 total
TIMG4STRok (
purple | 196 APM | 1685 actions | 08:37)
2 Blademaster
1 Wind Walk
1 Critical Strike
2 Shadow Hunter
1 Hex
1 Healing Wave
» actions
| Assign group hotkey | 15 | |
| Basic commands | 20 | |
| Build / train | 34 | |
| ESC pressed | 2 | |
| Enter build submenu | 10 | |
| Enter hero's abilities submenu | 4 | |
| Right click | 701 | |
| Select / deselect | 94 | |
| Select group hotkey | 778 | |
| Use ability | 27 | |
1685 total
» units
| Peon | 10 | |
| Grunt | 5 | |
| Raider | 2 | |
| Spirit Walker | 1 | |
18 total
» upgrades
| Berserker Strength | 1 | |
| Pillage | 1 | |
| Ensnare | 1 | |
| Spirit Walker Training | 1 | |
4 total
» buildings
| Altar of Storms | 1 | |
| Orc Burrow | 4 | |
| Barracks | 1 | |
| Stronghold | 1 | |
| Voodoo Lounge | 2 | |
| Beastiary | 1 | |
| Spirit Lodge | 1 | |
| Fortress | 1 | |
12 total
» build order
00:06 Altar of Storms
00:15 Orc Burrow
00:34 Barracks
01:25 Orc Burrow
02:52 Stronghold
03:20 Voodoo Lounge
04:22 Voodoo Lounge
04:25 Orc Burrow
05:34 Beastiary
05:36 Spirit Lodge
07:59 Fortress
08:01 Orc Burrow
» items
| Healing Salve | 1 | |
| Lesser Clarity Potion | 1 | |
| Scroll of Speed | 1 | |
3 total
team 2 (loser)
LustigerSpasS (
orange | 53 APM | 459 actions | 08:35)
1 Demon Hunter
1 Mana Burn
» actions
| Basic commands | 23 | |
| Build / train | 22 | |
| Enter build submenu | 17 | |
| Enter hero's abilities submenu | 2 | |
| Right click | 225 | |
| Select / deselect | 131 | |
| Use ability | 39 | |
459 total
» units
» buildings
| Altar of Elders | 1 | |
| Moon Well | 8 | |
| Ancient of Wonders | 1 | |
| Tree of Ages | 1 | |
| Hunter's Hall | 1 | |
| Ancient Protector | 2 | |
| Ancient of Lore | 3 | |
17 total
» build order
00:09 Altar of Elders
00:18 Moon Well
01:29 Moon Well
01:43 Ancient of Wonders
01:58 Moon Well
02:39 Tree of Ages
02:53 Hunter's Hall
04:16 Ancient Protector
04:38 Ancient Protector
06:39 Ancient of Lore
06:43 Ancient of Lore
07:18 Ancient of Lore
08:05 Moon Well
08:17 Moon Well
08:19 Moon Well
08:24 Moon Well
08:29 Moon Well

»
Verballhornung (
teal | 78 APM | 666 actions | 08:32)
2 Death Knight
1 Death Coil
1 Unholy Aura
1 Lich
1 Frost Nova
» actions
| Assign group hotkey | 11 | |
| Build / train | 25 | |
| Enter build submenu | 11 | |
| Enter hero's abilities submenu | 3 | |
| Right click | 284 | |
| Select / deselect | 196 | |
| Select group hotkey | 104 | |
| Use ability | 32 | |
666 total
» units
| Acolyte | 2 | |
| Ghoul | 2 | |
| Crypt Fiend | 6 | |
10 total
» upgrades
» buildings
| Graveyard | 1 | |
| Crypt | 1 | |
| Ziggurat | 3 | |
| Altar of Darkness | 1 | |
| Tomb of Relics | 1 | |
| Nerubian Tower | 1 | |
| Halls of the Dead | 1 | |
| Temple of the Damned | 1 | |
10 total
» build order
00:11 Graveyard
00:16 Crypt
00:39 Ziggurat
00:57 Altar of Darkness
01:30 Tomb of Relics
01:33 Nerubian Tower
02:10 Ziggurat
03:39 Halls of the Dead
05:17 Ziggurat
07:09 Temple of the Damned
» items
| Rod of Necromancy | 2 | |
| Dust of Appearance | 2 | |
| Scroll of Town Portal | 1 | |
| Potion of Healing | 1 | |
| Potion of Mana | 1 | |
7 total
Chat log
(00:43 / Allies) TIMG4STRok: ok
(00:44 / Allies) BobbyKotick: im expoing there
(00:48 / Allies) TIMG4STRok: ill send gruntsw
(00:52 / Allies) BobbyKotick: thx
(02:56 / Allies) TIMG4STRok: nerd base on elf
(03:03 / Allies) BobbyKotick: lol
(03:06 / Allies) TIMG4STRok: we can hit him
(03:09 / Allies) TIMG4STRok: and make them tp
(03:18 / Allies) BobbyKotick: lemme get aura
(03:39 / Allies) BobbyKotick: k
(04:19 / Allies) BobbyKotick: haha
(04:42 / Allies) TIMG4STRok: hes feeding
(05:04 / Allies) BobbyKotick: lets just creep
(05:07 / Allies) TIMG4STRok: n
(05:09 / Allies) TIMG4STRok: kill towers with foot
(07:12 / Allies) TIMG4STRok: altar